 Dungeon Crawl Stone Soup version 0.26-a0-36-g11e0b32562 (webtiles) character file.

Game seed: 722512786309125205, levelgen mode: deterministic

660921 Majang the Impregnable (level 27, -20/235 HPs)
             Began as a Deep Dwarf Fighter on May 29, 2020.
             Was the Champion of Makhleb.
             Blown up by an ancient lich (38 damage)
             ... with a wavering orb of destruction
             ... on level 5 of the Realm of Zot on May 30, 2020.
             The game lasted 06:34:13 (51964 turns).

Majang the Impregnable (Deep Dwarf Fighter)        Turns: 51964, Time: 06:34:17

Health: -20/235    AC: 42    Str: 38    XL:     27
Magic:  32/32      EV: 15    Int: 15    God:    Makhleb [******]
Gold:   2811       SH: 15    Dex:  6    Spells: 28/47 levels left

rFire    + . .     SeeInvis +   a - +9 broad axe (vorpal)
rCold    + . .     Gourm    .   c - +0 kite shield
rNeg     + + +     Faith    .   x - +8 shadow dragon scales of Syndicalism {rF++ rC- rN+ rCorr Stlth++++}
rPois    +         Spirit   .   y - +2 hood of the Assassin {Detection Stab+ Stlth++}
rElec    .         Reflect  .   N - +2 cloak {MR+}
rCorr    +         Harm     .   J - +3 pair of gloves "Ycovuam" {rN++ Int-4}
MR       +++++                  u - +2 pair of boots {run}
Stlth    +++++++++.             j - amulet "Ceurph" {rC+ Regen+ Str+3 Int+3 Dex-4 SInv}
HPRegen  0.00/turn              t - ring "Vij Suth" {rPois rF- Str+4 Int+5 Stlth+}
MPRegen  0.23/turn              r - ring of protection from cold

@: lethally poisoned (-20 -> -20), berserk cooldown, stab, non-regenerating,
slowed, studying Axes, very slow
A: damage resistance, heal wounds, horns 1, clumsy 1, deterioration 2, frail 1,
negative energy resistance 1, sense surroundings 3, no regeneration
}: 4/15 runes: serpentine, barnacled, silver, abyssal
a: Heal Wounds, Minor Destruction, Lesser Servant of Makhleb, Major Destruction,
Greater Servant of Makhleb, Renounce Religion


You were on level 5 of the Realm of Zot.
You worshipped Makhleb.
Makhleb was exalted by your worship.
You were not hungry.

You visited 12 branches of the dungeon, and saw 52 of its levels.
You visited the Abyss 2 times.
You also visited: Gauntlet and Ice Cave.

You collected 8166 gold pieces.
You spent 5355 gold pieces at shops.

Inventory:

Hand Weapons
 a - a +9 vorpal broad axe (weapon)
 b - a +6 war axe of flaming
Armour
 c - a +0 kite shield (worn)
 n - the +1 robe of Tentacled Music {rElec Str+2 Int+5}
   (You took it off an ironheart preserver on level 5 of the Vaults)

   It affects your strength (+2).
   It affects your intelligence (+5).
   It insulates you from electricity.
 u - a +2 pair of boots of running (worn)
 x - the +8 shadow dragon scales of Syndicalism (worn) {rF++ rC- rN+ rCorr Stlth++++}
   (You found it on level 6 of the Lair of Beasts)

   It greatly protects you from fire.
   It makes you vulnerable to cold.
   It protects you from negative energy.
   It provides partial protection from all sources of acid and corrosion.
   It makes you much more stealthy.
 y - the +2 hood of the Assassin (worn) {Detection Stab+ Stlth++}
   (You bought it in a shop on level 2 of the Orcish Mines)

   It makes you much more stealthy.
 J - the +3 pair of gloves "Ycovuam" (worn) {rN++ Int-4}
   (You found it on level 2 of the Depths)

   It affects your intelligence (-4).
   It greatly protects you from negative energy.
 L - the +0 pair of gloves of the Skies Above {rF+ MR- rCorr}
   (You found it on level 2 of the Lair of Beasts)

   It protects you from fire.
   It affects your resistance to hostile enchantments.
   It provides partial protection from all sources of acid and corrosion.
 N - a +2 cloak of magic resistance (worn)
Jewellery
 j - the amulet "Ceurph" (around neck) {rC+ Regen+ Str+3 Int+3 Dex-4 SInv}
   (You bought it in a shop on level 3 of the Vaults)

   [amulet of regeneration]

   It affects your strength (+3).
   It affects your intelligence (+3).
   It affects your dexterity (-4).
   It protects you from cold.
   It lets you see invisible.
   It increases your rate of regeneration.
 r - a ring of protection from cold (right hand)
 t - the ring "Vij Suth" (left hand) {rPois rF- Str+4 Int+5 Stlth+}
   (You took it off a merfolk on level 4 of the Shoals)

   [ring of stealth]

   It affects your strength (+4).
   It affects your intelligence (+5).
   It makes you vulnerable to fire.
   It protects you from poison.
   It makes you more stealthy.
 R - the amulet of Ulo Vea {RegenMP +Blink rElec Str-5 Dex+2 Stlth+}
   (You took it off a merfolk on level 4 of the Shoals)

   [amulet of magic regeneration]

   It increases your magic regeneration.
   It affects your strength (-5).
   It affects your dexterity (+2).
   It insulates you from electricity.
   It lets you blink.
   It makes you more stealthy.
Wands
 s - a wand of clouds (3)
 I - a wand of acid (47)
 O - a wand of digging (13)
 Z - a wand of iceblast (18)
Scrolls
 e - 24 scrolls of remove curse
 g - 7 scrolls of blinking
 h - 36 scrolls of teleportation
 i - 30 scrolls of identify
 l - 6 scrolls of enchant armour
 z - 4 scrolls of fear
 H - 9 scrolls of immolation
 S - 2 scrolls of silence
 W - 8 scrolls of fog
 Y - 10 scrolls of magic mapping
Potions
 m - 4 potions of ambrosia
 o - 5 potions of magic
 p - 3 potions of brilliance
 q - 6 potions of mutation
 v - 2 potions of stabbing
 w - 2 potions of cancellation
 A - 12 potions of curing
 B - 2 potions of invisibility
 D - 3 potions of berserk rage
 G - 3 potions of resistance
 Q - 7 potions of lignification
Books
 k - a manual of Axes
Miscellaneous
 K - 6 phantom mirrors
 M - a tin of tremorstones (1/3)
 T - a phial of floods
Comestibles
 f - 87 rations


   Skills:
 + Level 18.7 Fighting
 - Level 19.0 Axes
 + Level 21.3 Armour
 - Level 18.0 Dodging
 - Level 15.4 Stealth
 - Level 16.1 Shields
 + Level 10.9 Spellcasting
 * Level 12.7 Transmutations
 + Level 11.1 Fire Magic
 + Level 16.8 Earth Magic
 - Level 18.1 Invocations
 - Level 18.1 Evocations


You had 28 spell levels left.
You knew the following spells:

 Your Spells              Type           Power        Failure   Level  Hunger
f - Statue Form           Tmut/Erth      ######...    6%          6    ######.
i - Ignition              Fire           #####.....   100%        8    #######
l - Lee's Rapid Deconstr  Erth           ######....   1%          5    #####..

Your spell library contained the following spells:

 Spells                   Type           Power        Failure   Level  Hunger
 Beastly Appendage        Tmut           #####.       1%          1    None
 Foxfire                  Conj/Fire      ###.         1%          1    None
 Sandblast                Erth           ######       1%          1    None
 Sting                    Tmut/Pois      ####         1%          1    None
 Passwall                 Tmut/Erth      ######..     1%          2    None
 Sticks to Snakes         Tmut           #####...     1%          2    None
 Ignite Poison            Fire/Tmut/Pois ####....     1%          3    None
 Stone Arrow              Conj/Erth      ####..       1%          3    None
 Petrify                  Tmut/Erth      ######..     1%          4    ###....
 Blade Hands              Tmut           #####.....   2%          5    #####..
 Spider Form              Tmut/Pois      ####......   4%          3    None
 Inner Flame              Hex/Fire       ###.....     5%          3    None
 Leda's Liquefaction      Hex/Erth       ####......   6%          4    ###....
 Ice Form                 Ice/Tmut       ####....     13%         4    ###....
 Hydra Form               Tmut           #####.....   16%         6    ######.
 Animate Skeleton         Necr           N/A          19%         1    None
 Apportation              Tloc           #.....       19%         1    None
 Corona                   Hex            #......      19%         1    None
 Infusion                 Chrm           #...         19%         1    None
 Pain                     Necr           #...         19%         1    None
 Shock                    Conj/Air       #...         19%         1    None
 Summon Butterflies       Summ           #.......     19%         1    None
 Summon Small Mammal      Summ           #...         19%         1    None
 Call Imp                 Summ           #.......     28%         2    None
 Ensorcelled Hibernation  Hex/Ice        #.....       28%         2    None
 Poisonous Vapours        Pois/Air       #.....       28%         2    None
 Searing Ray              Conj           #.....       28%         2    None
 Shroud of Golubria       Chrm/Tloc      #.....       28%         2    None
 Slow                     Hex            #.......     28%         2    None
 Song of Slaying          Chrm           #.......     28%         2    None
 Sublimation of Blood     Necr           #.........   28%         2    None
 Swiftness                Chrm/Air       #.......     28%         2    None
 Alistair's Intoxication  Tmut/Pois      ####....     36%         5    #####..
 Irradiate                Conj/Tmut      ####......   36%         5    #####..
 Yara's Violent Unravell  Hex/Tmut       ####......   36%         5    #####..
 Call Canine Familiar     Summ           #.......     50%         3    None
 Confusing Touch          Hex            #.......     50%         3    None
 Dazzling Flash           Conj/Hex       #.....       50%         3    None
 Lesser Beckoning         Tloc           #.........   50%         3    None
 Mephitic Cloud           Conj/Pois/Air  #.......     50%         3    None
 Ozocubu's Armour         Chrm/Ice       #.......     50%         3    None
 Portal Projectile        Hex/Tloc       #.....       50%         3    None
 Spectral Weapon          Hex/Chrm       #.......     50%         3    None
 Static Discharge         Conj/Air       #.......     50%         3    None
 Summon Guardian Golem    Hex/Summ       #.......     50%         3    None
 Tukima's Dance           Hex            #.......     50%         3    None
 Vampiric Draining        Necr           #.........   50%         3    None
 Dragon Form              Tmut           #####.....   63%         7    #######
 Iron Shot                Conj/Erth      ####......   65%         6    ######.
 Airstrike                Air            #.........   88%         4    ###....
 Animate Dead             Necr           N/A          88%         4    ###....
 Cause Fear               Hex            #.........   88%         4    ###....
 Iskenderun's Mystic Bla  Conj/Tloc      #.......     88%         4    ###....
 Olgreb's Toxic Radiance  Pois           #.......     88%         4    ###....
 Summon Ice Beast         Ice/Summ       #.......     88%         4    ###....
 Summon Lightning Spire   Summ/Air       #.......     88%         4    ###....
 Eringya's Noxious Bog    Tmut/Pois      ####......   90%         6    ######.
 Agony                    Necr           #.......     99%         5    #####..
 Lightning Bolt           Conj/Air       #.........   99%         5    #####..
 Silence                  Hex/Air        #.........   99%         5    #####..
 Summon Demon             Summ           #.........   99%         5    #####..
 Conjure Ball Lightning   Conj/Air       #.........   100%        6    ######.
 Dispersal                Tloc           #.........   100%        6    ######.
 Freezing Cloud           Conj/Ice/Air   #.........   100%        6    ######.
 Invisibility             Hex            #.......     100%        6    ######.
 Ozocubu's Refrigeration  Ice            #.........   100%        6    ######.
 Haunt                    Necr/Summ      #.........   100%        7    #######
 Malign Gateway           Summ/Tloc      #.........   100%        7    #######
 Ring of Flames           Chrm/Fire      ###.......   100%        7    #######
 Spellforged Servitor     Conj/Summ      #.........   100%        7    #######
 Borgnjor's Revivificati  Necr           #.........   100%        8    #######
 Chain Lightning          Conj/Air       #.........   100%        8    #######
 Death's Door             Chrm/Necr      #.........   100%        8    #######
 Discord                  Hex            #.........   100%        8    #######
 Infestation              Necr           #.........   100%        8    #######
 Lehudib's Crystal Spear  Conj/Erth      ####......   100%        8    #######
 Necromutation            Tmut/Necr      ####......   100%        8    #######
 Absolute Zero            Ice            #.........   100%        9    #######
 Dragon's Call            Summ           #.........   100%        9    #######
 Fire Storm               Conj/Fire      ###.......   100%        9    #######
 Shatter                  Erth           ######....   100%        9    #######
 Tornado                  Air            #.........   100%        9    #######


Dungeon Overview and Level Annotations

Branches:
Dungeon (15/15)            Temple (1/1) D:5            Lair (6/6) D:11
 Shoals (4/4) Lair:3        Snake (4/4) Lair:3        Slime (0/5) Lair:5
    Orc (2/2) D:12            Elf (3/3) Orc:2        Vaults (5/5) D:14
  Crypt (1/3) Vaults:3     Depths (5/5) D:15           Hell (visited)
    Dis (0/7) Hell            Geh (0/7) Hell            Coc (0/7) Hell
    Tar (0/7) Hell            Zot (5/5) Depths:5      IceCv (visited)
Gauntlet (visited)

Altars:
Ashenzari
Cheibriados
Dithmenos
Elyvilon
Fedhas
Gozag
Hepliaklqana
Kikubaaqudgha
Makhleb
Nemelex Xobeh
Okawaru
Qazlal
Ru
Sif Muna
Trog
Uskayaw
Vehumet
Wu Jian
Xom
Yredelemnul
Zin
The Shining One
Beogh
Jiyva

Shops:
D:12 [   Orc:2 ((*[   Elf:1 **?}   Elf:3 (?%   Shoals:2 *}:   Shoals:3 :
Shoals:4 ((   Snake:1 *   Snake:3 }   Snake:4 **   Vaults:2 :   Vaults:3 =
Vaults:4 [*   Vaults:5 [   Depths:1 :?(*=

Portals:
Hell: Depths:1 Depths:2 Depths:3 Depths:4 Depths:5
Abyss: Depths:4
Pandemonium: Depths:1 Depths:3
Ziggurat: Depths:4

Annotations:
Crypt:1 Mara


Innate Abilities, Weirdness & Mutations

You are resistant to damage.
You can heal yourself by infusing magical energy.
You resist negative energy. (rN+)
You passively map a large area around you.
You do not regenerate.
You have a pair of small horns on your head.
You are clumsy. (Dex -2)
Your body often deteriorates upon taking damage.
You are frail. (-10% HP)


Message History

You are splashed with acid.
You resist.
* * * LOW HITPOINT WARNING * * *
The orb of fire glows red.
The bolt of fire hits you!! You resist.
* * * LOW HITPOINT WARNING * * *
The ancient lich casts a spell at you. The bolt of lightning misses you.
The ancient lich touches you but does no damage.
The white draconian breathes frost at you.
The chilling blast hits the ancient lich.
The ancient lich resists.
The chilling blast hits you! You resist.
* * * LOW HITPOINT WARNING * * *
You feel much better.
The ancient lich touches you but does no damage.
You block the ancient lich's attack. x2
A purple draconian knight comes into view.
It is wielding a +0 dire flail.
The ancient lich touches you but does no damage.
The ancient lich launches a ball of destructive magic.
The wavering orb of destruction weakly hits you!!!
You die...

*▓..^...☼.....*,{****
▓▓.....##▓▓▓▓▓▓▓▓▓▓▓#
##...............q...###
##.^..............##....##
##/.....^...^.......###...#####
#.......^.......dp...###.......
#.............X...(..# ##......
#............*LL.....# #......
#.............@*.....# ##.....
#............).^.....# #.....
#.....^..............# ##.....
##......^...........## #.....^
##................## ##......
##..............## #.......
################▓▓▓▓########
#.....#...##....#.#...
##..........##.....#.#.


You could see 2 orbs of fire, a Killer Klown, a purple draconian knight (icy
armour), 2 ancient liches, a white draconian and an Orb Guardian.

Vanquished Creatures
  4 orbs of fire
  6 ancient liches (Zot:5)
  3 greater mummies (Depths:2)
  A Killer Klown (Zot:5)
  Xtahua (Vaults:2)
  Vashnia (Snake:4)
  The ghost of Talonman3 the Brawler, a veteran TrMo of Hepliaklqana (Depths:2)
  3 curse toes
  Jory (Vaults:5)
  The ghost of Addusyru the Severer, a veteran DsFi of Okawaru (Vaults:2)
  Geryon (Hell)
  12 golden dragons
  3 electric golems
  A hellephant (Hell)
  19 tentacled monstrosities
  A Hell Sentinel (Depths:1)
  Jorgrun (Shoals:1)
  3 liches
  An Ice Fiend (IceCv)
  3 deep elf blademasters (Elf:3)
  20 Orb Guardians (Zot:5)
  4 titans
  6 quicksilver dragons
  7 death cobs
  2 deep elf master archers (Elf:3)
  A sphinx (shapeshifter) (Vaults:5)
  A kraken (Shoals:4)
  A tentacled starspawn (Abyss:3)
  5 sphinxes
  15 storm dragons
  4 tengu reavers
  Kirke (Lair:6)
  3 ancient champions
  11 shadow dragons
  The ghost of Mosol the Brawler, a journeyman TrAs of Wu Jian (Shoals:2)
  A revenant (Crypt:1)
  2 draconian monks (Zot:3)
  14 nagarajas
  16 frost giants
  Louise (Shoals:2)
  2 balrugs
  An iron dragon (Depths:3)
  4 deep elf sorcerers
  6 draconian scorchers
  4 ghost moths
  5 draconian knights
  3 orc warlords
  12 fire giants
  A draconian shifter (Zot:3)
  9 vault wardens
  A cacodemon (Hell)
  A draconian stormcaller (Zot:3)
  4 deep elf elementalists (Elf:3)
  13 ironheart preservers
  5 reapers (Hell)
  A spriggan defender (Depths:3)
  6 war gargoyles
  6 draconian annihilators
  32 stone giants
  14 very ugly things
  An entropy weaver (Gauntlet)
  7 green draconians
  8 black draconians
  4 white draconians
  4 yellow draconians
  7 deep elf demonologists
  7 deep elf annihilators
  5 dire elephants (Lair:6)
  6 purple draconians
  15 red draconians
  Azrael (D:12)
  4 spark wasps
  A minotaur (Gauntlet)
  Snorg (Lair:4)
  8 merfolk javelineers
  3 green deaths
  7 merfolk impalers
  7 deep elf death magi
  19 ettins
  2 mummy priests (Depths:2)
  12 fire dragons
  2 crystal guardians
  3 deep elf high priests
  7 yaktaur captains
  Harold (D:11)
  6 great orbs of eyes
  3 jiangshi (Crypt:1)
  39 vault guards
  12 ice dragons
  5 hydras
  A quicksilver dragon skeleton (Crypt:1)
  10 naga warriors
  3 alligator snapping turtles
  5 merfolk avatars (Shoals:4)
  10 rakshasas
  9 centaur warriors
  3 spriggan air magi
  2 catoblepae (Abyss:3)
  5 ogre magi
  21 anacondas
  19 dancing weapons
  A satyr (Shoals:2)
  9 merfolk aquamancers
  22 two-headed ogres
  A thrashing horror (Abyss:3)
  3 deep troll shamans
  8 death yaks
  4 tengu warriors
  10 hell hogs (Hell)
  8 deep troll earth magi
  3 vampire magi
  7 shock serpents
  5 sun demons
  3 spriggan berserkers (Depths:4)
  19 hell knights
  2 orc high priests (Vaults:2)
  23 deep elf knights
  13 naga sharpshooters
  A shock serpent (shapeshifter) (Depths:3)
  9 soul eaters
  Sonja (Lair:3)
  9 iron trolls
  A wretched star (Abyss:3)
  2 sixfirhies
  13 skeletal warriors
  2 shadow wraiths (Vaults:2)
  An anaconda zombie (Hell)
  2 death drakes
  13 sea snakes
  2 flayed ghosts
  An infernal demonspawn (Depths:3)
  6 unseen horrors
  A salamander mystic (Depths:5)
  A swamp dragon (shapeshifter) (Depths:2)
  A sea snake (shapeshifter) (Vaults:4)
  27 deep trolls
  A lindwurm (Lair:5)
  7 naga ritualists
  3 glowing orange brains
  5 necromancers
  A spectral wolf spider (Gauntlet)
  5 phantasmal warriors
  22 deep elf archers
  12 harpies
  11 ironbrand convokers
  14 orc knights
  An oklob plant (D:7)
  5 wizards
  68 deep elf magi
  39 ugly things
  9 mana vipers
  An orb spider (shapeshifter) (Vaults:1)
  3 orc sorcerers
  5 wolf spiders
  10 cyclopes
  A manticore (shapeshifter) (D:13)
  An elephant (shapeshifter) (Vaults:5)
  8 merfolk sirens
  20 slime creatures
  8 salamanders
  12 manticores
  A shining eye (shapeshifter) (Depths:3)
  12 fauns
  2 ice statues (IceCv)
  4 elephants (Lair:6)
  35 moths of wrath
  A stone giant skeleton (Crypt:1)
  6 centaur zombies
  13 guardian serpents (Snake:4)
  A guardian serpent (shapeshifter) (Depths:1)
  2 smoke demons (Hell)
  A moth of wrath (shapeshifter) (Vaults:5)
  22 naga magi
  A torpor snail (Lair:4)
  30 black mambas
  A fire giant skeleton (Crypt:1)
  7 rust devils (Hell)
  10 water nymphs
  A black mamba (shapeshifter) (Elf:2)
  4 orange demons
  8 vault sentinels
  A spiny frog (shapeshifter) (Vaults:2)
  8 spiny frogs
  3 gargoyles
  4 hellions
  2 kobold demonologists (D:14)
  A komodo dragon (shapeshifter) (Vaults:3)
  6 freezing wraiths
  3 large abominations (Abyss:3)
  2 anaconda simulacra (IceCv)
  3 komodo dragons
  32 yaktaurs
  2 yaktaurs (shapeshifter)
  An ancient zyme (Abyss:3)
  6 catoblepas skeletons (Abyss:3)
  A tengu conjurer (D:14)
  4 efreet
  3 guardian mummies (Crypt:1)
  A hydra zombie (Hell)
  19 ice devils
  A red devil (Hell)
  11 trolls
  A jumping spider (Gauntlet)
  2 meliai (shapeshifter)
  A jumping spider (shapeshifter) (Depths:2)
  A hydra skeleton (Hell)
  7 wind drakes
  2 blink frogs (shapeshifter)
  5 hornets
  45 merfolk
  2 polar bears
  A slime creature (shapeshifter) (Vaults:5)
  14 hippogriffs
  A hippogriff (shapeshifter) (Vaults:2)
  4 alligator zombies
  13 snapping turtles
  7 flying skulls
  8 dream sheep
  16 blink frogs
  2 spriggans
  3 air elementals
  A spriggan (shapeshifter) (Depths:1)
  A tarantella (shapeshifter) (Vaults:5)
  20 water elementals
  2 redbacks
  3 shadows
  12 fire elementals
  A ynoxinul (Depths:3)
  4 dire elephant simulacra
  3 basilisks
  5 wraiths
  33 yaks
  5 wyverns
  7 hogs (Lair:6)
  4 vampire mosquitoes
  A hungry ghost (D:14)
  A neqoxec (Abyss:3)
  A human simulacrum (Vaults:3)
  4 acid dragons
  Menkaure (D:7)
  2 harpy simulacra (IceCv)
  2 iron troll simulacra (IceCv)
  5 wargs
  55 nagas
  15 water moccasins
  A hydra simulacrum (IceCv)
  9 porcupines
  2 spiny frog zombies (Hell)
  7 hell hounds
  47 orc warriors
  A black bear (shapeshifter) (Depths:3)
  4 sky beasts
  2 black bears
  A phantom (D:5)
  An eye of draining (shapeshifter) (Vaults:4)
  An eye of draining (D:13)
  23 ogres
  24 wolves
  2 boggarts
  20 centaurs
  7 crocodiles
  A crocodile (shapeshifter) (Vaults:5)
  A centaur (shapeshifter) (Depths:4)
  4 big kobolds
  14 bullfrogs
  An elf skeleton (Crypt:1)
  A wyvern zombie (D:11)
  14 earth elementals
  Dowan (D:7)
  A cyclops zombie (Crypt:1)
  2 small abominations (Abyss:3)
  A water moccasin skeleton (D:6)
  2 scorpions
  A polar bear zombie (Crypt:1)
  7 killer bees
  A killer bee (shapeshifter) (Depths:4)
  A yak skeleton (Crypt:1)
  5 electric eels
  7 howler monkeys
  6 crimson imps
  A bullfrog zombie (D:5)
  3 quasits
  A basilisk zombie (Crypt:1)
  A human zombie (Crypt:1)
  11 hounds
  3 jellies
  3 bullfrog skeletons
  2 centaur skeletons (D:11)
  23 orc priests
  2 iron imps
  A human skeleton (Crypt:1)
  4 iguanas
  Ijyb (D:3)
  12 hell rats (Hell)
  40 orc wizards
  8 worker ants
  5 mummies (Crypt:1)
  2 worker ant zombies
  7 gnolls
  3 howler monkey skeletons
  12 adders
  3 shadow imps
  4 white imps
  An ufetubus (Abyss:3)
  An ooze (D:1)
  2 worms
  A barachi zombie (Crypt:1)
  6 dart slugs
  8 leopard geckos
  141 orcs
  21 bats
  4 giant cockroaches
  11 goblins
  9 hobgoblins
  12 jackals
  9 quokkas
  9 frilled lizards
  A giant cockroach zombie (D:6)
  A jackal skeleton (D:7)
  2 jackal zombies
  13 kobolds
  7 rats
  8 crawling corpses (Elf:3)
  14 plants
  2 starspawn tentacles (Abyss:3)
  3 tentacles (Shoals:4)
2374 creatures vanquished.

Vanquished Creatures (collateral kills)
  The ghost of Keaj the Unseen, an adept FeCK of Zin (Vaults:1)
  A vault guard (Vaults:5)
  A satyr (Shoals:4)
  A sea snake (Shoals:4)
  2 merfolk (Shoals:4)
6 creatures vanquished.

Vanquished Creatures (others)
  An electric golem (Zot:5)
  An Ice Fiend (Depths:1)
  A vampire knight (Depths:2)
  A purple draconian (Zot:2)
  A dancing weapon (Elf:2)
  A deep elf knight (Elf:2)
  A deep elf mage (Elf:1)
  A moth of wrath (Zot:1)
  A black mamba (Snake:2)
  A spiny frog (shapeshifter) (Depths:3)
  A merfolk (Shoals:3)
  A naga (Snake:4)
  An ogre (Zot:1)
  2 centaurs (Depths:3)
  A white imp (Abyss:3)
  4 demonic plants (Gauntlet)
  5 plants
  3 tentacles (Shoals:4)
28 creatures vanquished.

Grand Total: 2408 creatures vanquished

Notes
Turn   | Place    | Note
-------+----------+-------------------------------------------
     0 | D:1      | Majang the Deep Dwarf Fighter began the quest for the Orb.
     0 | D:1      | Reached XP level 1. HP: 20/20 MP: 1/1
   107 | D:1      | Reached XP level 2. HP: 24/27 MP: 2/2
   295 | D:1      | Reached skill level 1 in Dodging
   455 | D:1      | Reached XP level 3. HP: 19/33 MP: 3/3
  1118 | D:2      | Reached XP level 4. HP: 19/42 MP: 4/4
  1741 | D:3      | Noticed Ijyb
  1763 | D:3      | Killed Ijyb
  1867 | D:3      | Noticed a sky beast
  1898 | D:3      | Killed a sky beast
  1898 | D:3      | Reached skill level 4 in Armour
  1898 | D:3      | Reached XP level 5. HP: 31/49 MP: 5/5
  2011 | D:3      | You fall into a shaft and drop 1 floor!
  2045 | D:4      | Reached XP level 6. HP: 51/56 MP: 6/6
  2687 | D:4      | Reached skill level 5 in Axes
  2728 | D:4      | Reached XP level 7. HP: 63/63 MP: 7/7
  3308 | D:5      | Entered Level 5 of the Dungeon
  3419 | D:5      | Found a staircase to the Ecumenical Temple.
  3425 | Temple   | Entered the Ecumenical Temple
  3683 | Temple   | Became a worshipper of Makhleb the Destroyer
  3863 | D:5      | Reached skill level 5 in Armour
  3874 | D:5      | Found a shadowy altar of Dithmenos.
  3914 | D:5      | Reached skill level 5 in Shields
  3924 | D:5      | Reached skill level 1 in Invocations
  3999 | D:5      | Reached skill level 1 in Evocations
  4147 | D:5      | Reached XP level 8. HP: 66/72 MP: 9/9
  4259 | D:5      | Found an ancient bone altar of Kikubaaqudgha.
  4265 | D:5      | Found a hazy altar of Hepliaklqana.
  4327 | D:5      | Found a stormy altar of Qazlal.
  4764 | D:6      | Reached * piety under Makhleb
  5259 | D:7      | Found a shattered altar of Ashenzari.
  5373 | D:7      | Noticed Menkaure
  5386 | D:7      | Killed Menkaure
  5403 | D:7      | Noticed Dowan
  5403 | D:7      | Noticed Duvessa
  5406 | D:7      | Noticed Duvessa
  5406 | D:7      | Duvessa changed into Duvessa the centaur
  5420 | D:7      | Killed Duvessa the centaur
  5431 | D:7      | Killed Dowan
  5431 | D:7      | Gained mutation: You passively map the area around you.
                  | [Deep Dwarf growth]
  5431 | D:7      | Reached XP level 9. HP: 44/80 MP: 11/11
  5809 | D:7      | Reached skill level 6 in Armour
  6001 | D:7      | Found a shattered altar of Ashenzari.
  6001 | D:7      | Noticed an oklob plant
  6046 | D:7      | Reached skill level 5 in Fighting
  6292 | D:8      | Reached skill level 5 in Dodging
  6333 | D:8      | Reached ** piety under Makhleb
  6482 | D:8      | Paralysed by a hornet for 2 turns
  6641 | D:8      | Reached skill level 5 in Invocations
  7105 | D:9      | Reached skill level 5 in Evocations
  7271 | D:9      | Reached XP level 10. HP: 41/88 MP: 13/13
  7612 | D:9      | Found a basalt altar of Yredelemnul.
  7629 | D:9      | Paralysed by a hornet for 3 turns
  7829 | D:9      | Found a sacrificial altar of Ru.
  7839 | D:9      | Reached skill level 7 in Armour
  7843 | D:9      | Found an ornate altar of the Wu Jian Council.
  7911 | D:10     | Entered Level 10 of the Dungeon
  8133 | D:10     | Identified a scroll of acquirement
  8176 | D:10     | Reached *** piety under Makhleb
  8206 | D:10     | Noticed a green ugly thing
  8224 | D:10     | Killed a green ugly thing
  9005 | D:11     | Noticed a manticore
  9011 | D:11     | Killed a manticore
  9066 | D:11     | Reached skill level 10 in Axes
  9151 | D:11     | Reached XP level 11. HP: 98/98 MP: 16/16
  9309 | D:11     | Found a staircase to the Lair.
  9329 | D:11     | Reached **** piety under Makhleb
  9335 | D:11     | Killed an unseen horror
  9391 | D:11     | Killed an unseen horror
  9423 | D:11     | Noticed a cyan ugly thing
  9438 | D:11     | Killed a cyan ugly thing
  9519 | D:11     | Noticed Harold
  9532 | D:11     | Killed Harold
  9532 | D:11     | Reached skill level 8 in Armour
  9768 | Lair:1   | Entered Level 1 of the Lair of Beasts
 10081 | Lair:1   | Found a gate leading to a gauntlet.
 10090 | Gauntlet | Entered a Gauntlet
 10090 | Gauntlet | Found a transporter.
 10091 | Gauntlet | Found a runed translucent door.
 10093 | Gauntlet | Found a transporter.
 10094 | Gauntlet | Found a transporter.
 10098 | Gauntlet | Found a transporter.
 10099 | Gauntlet | Found a transporter.
 10101 | Gauntlet | Found a transporter.
 10102 | Gauntlet | Noticed an entropy weaver
 10107 | Gauntlet | Found a transporter.
 10107 | Gauntlet | Noticed a death drake
 10107 | Gauntlet | Noticed a purple ugly thing
 10107 | Gauntlet | Noticed a great orb of eyes
 10126 | Gauntlet | Found a transporter.
 10140 | Gauntlet | Found a runed translucent door.
 10140 | Gauntlet | Noticed a wretched star
 10213 | Gauntlet | Found a transporter.
 10231 | Gauntlet | Found a transporter.
 10235 | Gauntlet | Found a transporter.
 10237 | Gauntlet | Noticed a death yak
 10237 | Gauntlet | Noticed a death yak
 10238 | Gauntlet | Noticed a death yak
 10238 | Gauntlet | Noticed a death yak
 10241 | Gauntlet | Noticed a death yak
 10246 | Gauntlet | Found a transporter.
 10321 | Gauntlet | Killed an entropy weaver
 10333 | Gauntlet | Got a pitted helmet
 10339 | Gauntlet | Identified the +5 helmet of the Spider Nest {Str+2 Int+2
                  | Stlth-} (You found it in a Gauntlet)
 10380 | Gauntlet | Killed a death drake
 10437 | Gauntlet | Noticed a minotaur
 10450 | Gauntlet | Killed a minotaur
 10461 | Gauntlet | Identified the Reference Book on the Excruciating Entourage
 10647 | Lair:1   | Noticed a death yak
 10661 | Lair:1   | Killed a death yak
 10661 | Lair:1   | Reached XP level 12. HP: 41/109 MP: 18/18
 10670 | Lair:1   | Noticed a death yak
 10671 | Lair:1   | Noticed a death yak
 10690 | Lair:1   | Killed a death yak
 10693 | Lair:1   | Killed a death yak
 11235 | Lair:2   | Got a pair of steaming gloves
 11246 | Lair:2   | Identified the +0 pair of gloves of the Skies Above {rF+
                  | MR- rCorr} (You found it on level 2 of the Lair of Beasts)
 11944 | Lair:3   | Reached skill level 9 in Armour
 12069 | Lair:3   | Found a staircase to the Shoals.
 12084 | Lair:3   | Found a staircase to the Snake Pit.
 12107 | Lair:3   | Reached ***** piety under Makhleb
 12237 | Lair:3   | You fall into a shaft and drop 3 floors!
 12237 | Lair:6   | Entered Level 6 of the Lair of Beasts
 12492 | Lair:3   | Noticed Sonja
 12503 | Lair:3   | Killed Sonja
 12852 | Lair:4   | Noticed a four-headed hydra
 12856 | Lair:4   | Killed a four-headed hydra
 12899 | Lair:4   | Reached XP level 13. HP: 96/117 MP: 20/20
 13211 | Lair:4   | Noticed Snorg
 13227 | Lair:4   | Killed Snorg
 14004 | Lair:5   | Found a viscous altar of Jiyva.
 14004 | Lair:5   | Found a staircase to the Slime Pits.
 14072 | Lair:5   | Found a sacrificial altar of Ru.
 14094 | Lair:5   | Reached skill level 10 in Invocations
 14095 | Lair:5   | Reached skill level 10 in Evocations
 14344 | Lair:5   | Reached skill level 10 in Shields
 14788 | Lair:6   | Reached skill level 10 in Armour
 15001 | Lair:6   | Noticed Kirke
 15017 | Lair:6   | Killed Kirke
 15635 | Lair:6   | Gained mutation: You resist negative energy. (rN+) [Deep
                  | Dwarf growth]
 15635 | Lair:6   | Reached XP level 14. HP: 127/127 MP: 21/21
 15820 | Lair:6   | Reached skill level 10 in Dodging
 15873 | Lair:6   | Got shimmering shadow dragon scales
 15877 | Lair:6   | Got a buzzing scale mail
 15892 | Lair:6   | Identified the +8 shadow dragon scales of Syndicalism {rF++
                  | rC- rN+ rCorr Stlth++++} (You found it on level 6 of the
                  | Lair of Beasts)
 15892 | Lair:6   | Identified the cursed +0 scale mail of the King of the Hill
                  | {rPois MR+ rCorr} (You found it on level 6 of the Lair of
                  | Beasts)
 16259 | D:7      | Reached ****** piety under Makhleb
 16397 | D:12     | Found a staircase to the Orcish Mines.
 16419 | D:12     | Noticed Azrael
 16430 | D:12     | Killed Azrael
 16550 | D:12     | Found Awoak's Armour Shop.
 16988 | D:13     | Reached skill level 1 in Stealth
 17336 | D:13     | Noticed a fire giant
 17338 | D:13     | Found the +0 sword of Power
 17338 | D:13     | Noticed a tengu reaver
 17367 | D:13     | Killed a fire giant
 17367 | D:13     | Reached skill level 11 in Armour
 17378 | D:13     | Killed a tengu reaver
 17787 | Orc:1    | Entered Level 1 of the Orcish Mines
 17787 | Orc:1    | Found a roughly hewn altar of Beogh.
 17883 | Orc:1    | Reached XP level 15. HP: 136/136 MP: 23/23
 18506 | Orc:2    | Entered Level 2 of the Orcish Mines
 18854 | Orc:2    | Found a roughly hewn altar of Beogh.
 18855 | Orc:2    | Found Kux Fokha's Antique Weapon Boutique.
 18880 | Orc:2    | Bought a broad axe for 120 gold pieces
 18942 | Orc:2    | Found a roughly hewn altar of Beogh.
 18986 | Orc:2    | Found a roughly hewn altar of Beogh.
 19073 | Orc:2    | Found a staircase to the Elven Halls.
 19093 | Orc:2    | Noticed an orc warlord
 19106 | Orc:2    | Killed an orc warlord
 19117 | Orc:2    | Reached skill level 15 in Axes
 19229 | Orc:2    | Found a roughly hewn altar of Beogh.
 19244 | Orc:2    | Found Ogiust's Assorted Antiques.
 19249 | Orc:2    | Bought a wand of acid (12) for 272 gold pieces
 19249 | Orc:2    | Bought a scroll of identify for 68 gold pieces
 19249 | Orc:2    | Bought a potion of resistance for 340 gold pieces
 19249 | Orc:2    | Bought a potion of haste for 340 gold pieces
 19249 | Orc:2    | Bought a wand of clouds (7) for 408 gold pieces
 19249 | Orc:2    | Bought a scroll of identify for 68 gold pieces
 19327 | Orc:2    | Found Yluam's Antique Weapon Emporium.
 19328 | Orc:2    | Found a roughly hewn altar of Beogh.
 19329 | Orc:2    | Found Reymo's Antique Armour Shoppe.
 19342 | Orc:2    | Bought a runed war axe for 240 gold pieces
 19488 | Snake:1  | Entered Level 1 of the Snake Pit
 19807 | Snake:1  | Got an iridescent morningstar
 19808 | Snake:1  | Identified the +8 morningstar of Discomfort {pain, MR++}
                  | (You found it on level 1 of the Snake Pit)
 20136 | Snake:1  | Found Iblocimabo's General Store.
 20148 | Snake:1  | Reached skill level 5 in Stealth
 20172 | Snake:1  | Bought a potion of flight for 45 gold pieces
 21063 | Snake:3  | Reached skill level 10 in Fighting
 21099 | Snake:3  | Found Xoboocso's Gadget Boutique.
 21120 | Snake:3  | Noticed a nagaraja
 21128 | Snake:3  | Killed a nagaraja
 21368 | Snake:3  | Reached XP level 16. HP: 146/146 MP: 25/25
 21420 | Snake:4  | Entered Level 4 of the Snake Pit
 21477 | Snake:4  | Found a frozen archway.
 21518 | IceCv    | Entered an ice cave
 21798 | IceCv    | Noticed an Ice Fiend
 21799 | IceCv    | Found the +8 arc blade {discharge, rElec}
 21805 | IceCv    | Killed an Ice Fiend
 21807 | IceCv    | Found the +7 great mace "Firestarter" {inner flame, rF++}
 21889 | Snake:4  | Reached skill level 12 in Armour
 22041 | Snake:4  | Noticed Vashnia
 22080 | Snake:4  | Killed Vashnia
 22332 | Snake:4  | Found Resso's Assorted Antiques.
 22332 | Snake:4  | Found Nijouvase's Assorted Antiques.
 22361 | Snake:4  | Bought a scroll of identify for 74 gold pieces
 22361 | Snake:4  | Bought a pair of glowing boots for 277 gold pieces
 22945 | Snake:4  | Reached XP level 17. HP: 157/157 MP: 19/27
 23002 | Snake:4  | Identified the +1 robe of Idealism {rF+}
 23277 | Snake:4  | Got a serpentine rune of Zot
 23466 | Lair:6   | Got a crystal war axe
 23467 | Lair:6   | Identified the +7 war axe of the Whale {venom, rF+} (You
                  | found it on level 6 of the Lair of Beasts)
 23481 | Lair:6   | Identified a +0 pair of boots of running (You bought it in
                  | a shop on level 4 of the Snake Pit)
 23672 | Shoals:1 | Entered Level 1 of the Shoals
 24073 | Shoals:1 | Noticed Jorgrun
 24080 | Shoals:1 | Killed Jorgrun
 24440 | Shoals:2 | Noticed Louise
 24461 | Shoals:2 | Killed Louise
 24461 | Shoals:2 | Reached skill level 13 in Armour
 24668 | Shoals:2 | Found a large runed translucent door.
 24669 | Shoals:2 | Found a large runed translucent door.
 24672 | Shoals:2 | Noticed Mosol's ghost (journeyman TrAs)
 24696 | Shoals:2 | Killed Mosol's ghost
 24829 | Shoals:2 | Found Saxtokhu's Gadget Shop.
 24870 | Shoals:2 | Found Saenusch's General Store.
 24991 | Shoals:2 | Gained mutation: You passively map a large area around you.
                  | [Deep Dwarf growth]
 24991 | Shoals:2 | Reached XP level 18. HP: 169/169 MP: 28/28
 25000 | Shoals:2 | Found Nuasse's Book Shoppe.
 25450 | Shoals:3 | Reached skill level 10 in Stealth
 25482 | Shoals:3 | Found Fibbot's Book Emporium.
 25760 | Shoals:4 | Entered Level 4 of the Shoals
 25806 | Shoals:4 | Identified the ring "Vij Suth" {rPois rF- Str+4 Int+5
                  | Stlth+}
 26215 | Shoals:4 | Found Lisam's Antique Weapon Emporium.
 26218 | Shoals:4 | Identified the +8 long sword of Wenek {venom, rPois rF+++
                  | MR- Dex+2}
 26373 | Shoals:4 | Got a faintly glowing chain mail
 26374 | Shoals:4 | Identified the +0 chain mail "Niuxt" {rF+ rC- Int+7 Slay+4}
                  | (You found it on level 4 of the Shoals)
 26467 | Shoals:4 | Identified the amulet of Ulo Vea {RegenMP +Blink rElec
                  | Str-5 Dex+2 Stlth+}
 26592 | Shoals:4 | Found Suothi's Weapon Boutique.
 26796 | Shoals:4 | Got a barnacled rune of Zot
 27048 | Lair:1   | Upgraded the game from 0.26-a0-34-g9e0bf03589 to
                  | 0.26-a0-36-g11e0b32562
 27145 | D:14     | Found a gate to the Vaults.
 27290 | D:14     | Reached skill level 14 in Armour
 27605 | D:14     | Found a shattered altar of Ashenzari.
 27784 | D:15     | Entered Level 15 of the Dungeon
 27808 | D:15     | Found a staircase to the Depths.
 28118 | D:15     | Reached skill level 15 in Invocations
 28547 | Elf:1    | Entered Level 1 of the Elven Halls
 28548 | Elf:1    | Reached XP level 19. HP: 178/178 MP: 30/30
 28550 | Elf:1    | Reached skill level 15 in Evocations
 28610 | Elf:1    | Found Luziug's General Store.
 28610 | Elf:1    | Found Onuluer's Assorted Antiques.
 28638 | Elf:1    | Found Xoxzon's Gadget Emporium.
 28642 | Elf:1    | Found Ruzxoty's Magic Scroll Emporium.
 29094 | Elf:1    | Identified Ecic's Collected Works on Confrontation
 29805 | Elf:2    | Found a runed translucent gate.
 29805 | Elf:2    | Found a runed translucent gate.
 29807 | Elf:2    | Found a runed translucent gate.
 30144 | Elf:2    | Reached skill level 15 in Armour
 30553 | Vaults:1 | Entered Level 1 of the Vaults
 30888 | Vaults:1 | Cast into level 3 of the Abyss (a deep elf demonologist)
 31145 | Abyss:3  | Got an abyssal rune of Zot
 31259 | Vaults:1 | Escaped the Abyss
 31402 | Vaults:1 | Found a large runed translucent door.
 31404 | Vaults:1 | Found a large runed translucent door.
 31537 | Vaults:1 | Reached XP level 20. HP: 189/189 MP: 31/31
 32000 | Vaults:1 | Noticed Keaj's ghost (adept FeCK)
 32250 | Vaults:1 | Killed Keaj's ghost
 32570 | Vaults:2 | Noticed Xtahua
 32587 | Vaults:2 | Killed Xtahua
 32696 | Vaults:2 | Found Zorreawe's Book Emporium.
 32915 | Vaults:2 | Found a runed translucent gate.
 32915 | Vaults:2 | Found a runed translucent gate.
 32915 | Vaults:2 | Found a runed translucent gate.
 32915 | Vaults:2 | Noticed Addusyru's ghost (veteran DsFi)
 33124 | Vaults:2 | Found a roughly hewn altar of Beogh.
 33156 | Vaults:2 | Killed Addusyru's ghost
 33156 | Vaults:2 | Reached skill level 16 in Armour
 33259 | Vaults:3 | Found a staircase to the Crypt.
 33569 | Vaults:3 | Found Doessoed's Jewellery Emporium.
 34110 | Vaults:3 | Reached skill level 15 in Fighting
 34110 | Vaults:3 | Reached skill level 15 in Shields
 35031 | Orc:2    | Bought the +2 hood of the Assassin {Detection Stab+
                  | Stlth++} for 1800 gold pieces
 35031 | Orc:2    | Found the +2 hood of the Assassin {Detection Stab+ Stlth++}
 35316 | Vaults:4 | Reached XP level 21. HP: 201/201 MP: 33/33
 35540 | Vaults:4 | Learned a level 4 spell: Petrify
 35612 | Vaults:4 | Found Zyfiwker's General Store.
 35624 | Vaults:4 | Reached skill level 1 in Earth Magic
 35914 | Vaults:4 | Found Vevas's Antique Armour Boutique.
 36230 | Vaults:4 | Bought a potion of resistance for 190 gold pieces
 36230 | Vaults:4 | Bought a scroll of brand weapon for 380 gold pieces
 36357 | Vaults:3 | Bought the amulet "Ceurph" {rC+ Regen+ Str+3 Int+3 Dex-4
                  | SInv} for 733 gold pieces
 36572 | Depths:1 | Entered Level 1 of the Depths
 36598 | Depths:1 | Found Urumuaq's Assorted Antiques.
 36661 | Depths:1 | Found Zonteig's Jewellery Emporium.
 36758 | Depths:1 | Reached skill level 1 in Transmutations
 36797 | Depths:1 | Found Lettien's Antique Weapon Boutique.
 36827 | Depths:1 | Found a one-way gate leading to the halls of Pandemonium.
 36879 | Depths:1 | Found Qeixogg's Magic Scroll Shoppe.
 36929 | Depths:1 | Found Reashrucvo's Book Shop.
 36993 | Depths:1 | Reached skill level 1 in Spellcasting
 37246 | Depths:1 | Identified the +6 scale mail of Cowardice {-Cast rPois
                  | Dex+2} (You found it on level 1 of the Depths)
 37317 | Depths:1 | Reached skill level 17 in Armour
 37494 | Depths:1 | Found a gateway to Hell.
 37735 | Depths:1 | Reached skill level 15 in Dodging
 37835 | Depths:2 | Found a runed translucent gate.
 37969 | Depths:2 | Reached skill level 5 in Earth Magic
 37970 | Depths:2 | Noticed a greater mummy
 37982 | Depths:2 | Killed a greater mummy
 38093 | Depths:2 | Noticed a greater mummy
 38130 | Depths:2 | Noticed a greater mummy
 38191 | Depths:2 | Killed a greater mummy
 38202 | Depths:2 | Killed a greater mummy
 38231 | Depths:2 | Found a runed translucent gate.
 38231 | Depths:2 | Found a runed translucent gate.
 38307 | Depths:2 | Noticed Talonman3's ghost (veteran TrMo)
 38505 | Depths:2 | Identified the amulet of Neevigh {Faith rElec}
 38534 | Depths:1 | Gained mutation: Scrolls take you a little longer to read.
                  | [mutagenic glow]
 38621 | Depths:1 | Gained mutation: You are agile. (Dex +2) [mutagenic glow]
 38812 | Depths:2 | Killed Talonman3's ghost
 38859 | Depths:2 | Got a pair of faintly humming gloves
 38978 | Depths:2 | Found the +7 sceptre of Torment {pain, torment}
 38988 | Depths:2 | Lost mutation: Scrolls take you a little longer to read.
                  | [potion of mutation]
 38988 | Depths:2 | Lost mutation: You are agile. (Dex +2) [potion of mutation]
 38988 | Depths:2 | Gained mutation: You tend to lose your temper in combat.
                  | [potion of mutation]
 38988 | Depths:2 | Gained mutation: Your muscles are strong. (Str +2) [potion
                  | of mutation]
 39102 | Depths:3 | Reached XP level 22. HP: 202/211 MP: 34/34
 39452 | Depths:3 | Identified the +3 pair of gloves "Ycovuam" {rN++ Int-4}
                  | (You found it on level 2 of the Depths)
 39475 | Depths:3 | Reached skill level 18 in Armour
 39975 | Depths:3 | Identified the +3 pair of boots of Mutualism {rCorr Str+4}
                  | (You found it on level 3 of the Depths)
 40040 | Hell     | Entered the Vestibule of Hell
 40040 | Hell     | Noticed Geryon
 40090 | Hell     | Killed Geryon
 40210 | Hell     | Found a gateway to the decaying netherworld of Tartarus.
 40442 | Hell     | Found a gateway to the ashen valley of Gehenna.
 40545 | Hell     | Found a gateway to the freezing wastes of Cocytus.
 40608 | Hell     | Reached skill level 15 in Stealth
 40701 | Hell     | Found a gateway to the Iron City of Dis.
 40839 | Depths:4 | Reached XP level 23. HP: 220/220 MP: 35/35
 40875 | Depths:4 | Identified the +3 great sword of Resumed Hostilities
                  | {vorpal, Str+2 Stlth+}
 41100 | Depths:4 | Found a one-way gate to the infinite horrors of the Abyss.
 41221 | Depths:4 | Found a shimmering blue altar of Sif Muna.
 41315 | Depths:4 | Found a gateway to a ziggurat.
 41679 | Depths:4 | Learned a level 8 spell: Ignition
 41700 | Depths:5 | Entered Level 5 of the Depths
 41803 | Depths:5 | Found a gate to the Realm of Zot.
 41807 | Depths:5 | Reached skill level 1 in Fire Magic
 41809 | Depths:5 | Reached skill level 19 in Armour
 42093 | Depths:5 | Cast into level 2 of the Abyss (hell knight)
 42116 | Abyss:3  | Reached skill level 10 in Earth Magic
 42137 | Depths:5 | Escaped the Abyss
 42526 | Hell     | Reached skill level 5 in Spellcasting
 42793 | Elf:3    | Entered Level 3 of the Elven Halls
 42956 | Elf:3    | Found Efidal's Food Shop.
 43009 | Elf:3    | Found Gankiz's Weapon Boutique.
 43040 | Elf:3    | Found Zazxitz's Magic Scroll Shoppe.
 43094 | Elf:3    | Found a shimmering blue altar of Sif Muna.
 43115 | Elf:3    | Found a radiant altar of Vehumet.
 43421 | Elf:3    | Got a fine golden amulet
 43667 | Elf:3    | Reached XP level 24. HP: 147/231 MP: 36/36
 43758 | Elf:3    | Identified the +1 leather armour "Ipolaof" {rF+}
 43760 | Elf:3    | Identified the ring "Sesm" {*Slow +Fly rN+ Str+6 Stlth+}
 43787 | Elf:3    | Identified Advanced Wizardry
 43865 | Elf:3    | Identified the +6 falchion of Majang's Certain Death
                  | {drain, rC- Dex+4 SInv}
 43876 | Elf:3    | Found the +7 Kryia's mail coat {PotionHeal*2 rC+}
 43908 | Elf:3    | Identified the Incunabulum of Causality
 43917 | Elf:3    | Identified the Compendium of the Lucky Traveller
 43932 | Elf:3    | Got a pair of polished gloves
 43933 | Elf:3    | Identified the +4 pair of gloves of the Knight of Wands
                  | {Int+7} (You found it on level 3 of the Elven Halls)
 43934 | Elf:3    | Identified the amulet "Wamiysoc" {+Fly rF- MR+ Regen+
                  | Dex+5} (You found it on level 3 of the Elven Halls)
 44468 | Vaults:5 | Entered Level 5 of the Vaults
 44485 | Vaults:5 | Reached skill level 5 in Fire Magic
 44577 | Vaults:5 | Noticed Jory
 44593 | Vaults:5 | Killed Jory
 44788 | Vaults:5 | Identified the +1 robe of Tentacled Music {rElec Str+2
                  | Int+5}
 44798 | Vaults:5 | Identified the +5 mace of Jeips {vorpal, Dex+5}
 44909 | Vaults:5 | Found the +8 demon trident "Rift" {distort, reach+}
 45102 | Vaults:5 | Identified the cursed +0 leather armour "Fukeynast" {rN+
                  | MR+ Str+6}
 45141 | Vaults:5 | Reached skill level 20 in Armour
 45668 | Vaults:5 | Got a silver rune of Zot
 45679 | Vaults:5 | Learned a level 5 spell: Lee's Rapid Deconstruction
 45712 | Vaults:5 | Reached XP level 25. HP: 241/241 MP: 36/36
 45963 | Vaults:5 | Found Kiutreno's Armour Shoppe.
 46042 | Vaults:5 | Learned a level 6 spell: Statue Form
 46158 | Crypt:1  | Entered Level 1 of the Crypt
 46214 | Crypt:1  | Noticed Mara
 46216 | Crypt:1  | Noticed Majang's illusion
 46562 | Crypt:1  | Reached skill level 5 in Transmutations
 46590 | Crypt:1  | Noticed Majang's illusion
 46950 | Zot:1    | Entered Level 1 of the Realm of Zot
 47251 | Zot:1    | Noticed an orb of fire
 47274 | Zot:1    | Gained mutation: You occasionally shout uncontrollably at
                  | your foes. [an orb of fire]
 47276 | Zot:1    | Gained mutation: Armour fits poorly on your strangely
                  | shaped body. [an orb of fire]
 47282 | Zot:1    | Killed an orb of fire
 48441 | Zot:2    | Reached XP level 26. HP: 253/253 MP: 34/34
 49082 | Zot:2    | Noticed an orb of fire
 49880 | Zot:3    | Reached skill level 15 in Earth Magic
 50014 | Zot:3    | Reached skill level 10 in Transmutations
 50122 | Zot:3    | Noticed an orb of fire
 50143 | Zot:3    | Gained mutation: You are clumsy. (Dex -2) [an orb of fire]
 50155 | Zot:3    | Killed an orb of fire
 50156 | Zot:3    | Lost mutation: You tend to lose your temper in combat.
                  | [potion of mutation]
 50156 | Zot:3    | Lost mutation: Armour fits poorly on your strangely shaped
                  | body. [potion of mutation]
 50156 | Zot:3    | Lost mutation: You occasionally shout uncontrollably at
                  | your foes. [potion of mutation]
 50156 | Zot:3    | Lost mutation: You are clumsy. (Dex -2) [potion of
                  | mutation]
 50156 | Zot:3    | Gained mutation: Your body sometimes deteriorates upon
                  | taking damage. [potion of mutation]
 50156 | Zot:3    | Gained mutation: You have a pair of small horns on your
                  | head. [potion of mutation]
 50996 | Zot:4    | Reached skill level 10 in Fire Magic
 51077 | Zot:5    | Entered Level 5 of the Realm of Zot
 51110 | Zot:5    | Reached skill level 10 in Spellcasting
 51678 | Zot:5    | Reached skill level 21 in Armour
 51692 | Zot:5    | Noticed an ancient lich
 51692 | Zot:5    | Noticed an ancient lich
 51699 | Zot:5    | Reached XP level 27. HP: 262/262 MP: 35/35
 51708 | Zot:5    | Killed an ancient lich
 51714 | Zot:5    | Killed an ancient lich
 51790 | Zot:5    | Noticed an orb of fire
 51798 | Zot:5    | Noticed an orb of fire
 51809 | Zot:5    | Noticed an ancient lich
 51867 | Zot:5    | Noticed an ancient lich
 51872 | Zot:5    | Killed an ancient lich
 51879 | Zot:5    | Killed an ancient lich
 51919 | Zot:5    | Noticed an ancient lich
 51921 | Zot:5    | Noticed an orb of fire
 51923 | Zot:5    | Noticed an ancient lich
 51926 | Zot:5    | Killed an orb of fire
 51929 | Zot:5    | Noticed an ancient lich
 51943 | Zot:5    | Noticed an orb of fire
 51944 | Zot:5    | Killed an orb of fire
 51944 | Zot:5    | Killed an ancient lich
 51951 | Zot:5    | Killed an ancient lich
 51952 | Zot:5    | Gained mutation: Your body often deteriorates upon taking
                  | damage. [an orb of fire]
 51953 | Zot:5    | Lost mutation: Your muscles are strong. (Str +2) [an orb of
                  | fire]
 51955 | Zot:5    | Noticed an ancient lich
 51958 | Zot:5    | Gained mutation: You are clumsy. (Dex -2) [an orb of fire]
 51961 | Zot:5    | Gained mutation: You are frail. (-10% HP) [an orb of fire]
 51963 | Zot:5    | HP: 5/235 [white draconian/chilling blast (12)]
 51964 | Zot:5    | Blown up by an ancient lich

Illustrated notes

Levels and vault maps discovered:
D:1:      dpeg_arrival_subterranean_lakeside_camping, layout_basic,
          skrybe_limestone_x
D:2:      layout_loops_corners, serial_bayou, serial_bayou_pond_b,
          serial_bayou_crossing, serial_bayou_pond_b, serial_bayou_pond_a,
          serial_bayou_lagoon_a, minmay_pentomino_u4
D:3:      layout_loops_ring, uniq_ijyb
D:4:      layout_loops_ring, grunt_ministairs_6, hangedman_decor_clover_reticule
D:5:      layout_basic, kennysheep_mini, overflow_temple_1_default,
          kennysheep_little_box, nicolae_dithmenos_the_darkroom, temple_green,
          first_ration, minmay_crossroads
D:6:      layout_rooms, chequers_hall_statues_y
D:7:      layout_loops_corners, ashenzari_altar_1, lemuel_oklob_altar,
          uniq_duvessa, uniq_menkaure
D:8:      layout_basic, grunt_pizzeria
D:9:      layout_layer_cave, yredelemnul_altar_generic,
          gammafunk_temple_overflow_pools
D:10:     layout_grid_maze, minmay_circle_x
D:11:     layout_long_grid, erik_lair_orcish_takeover, uniq_harold
D:12:     layout_basic, orc_david_3, uniq_azrael
D:13:     minmay_guarded_unrand_sword_of_power, layout_irregular_city
D:14:     layout_loops_ring, lightli_vaults_fourway_checkpoint, basic_altar,
          minmay_door_square
D:15:     grunt_enter_depths_giant_problem, layout_basic,
          roderic_serpentine_path
Temple:   minmay_temple_curvy_branch
Lair:1:   layout_regular_city, gauntlet_entry_generic, infiniplex_staircase_pool
Lair:2:   layout_cave_shapes, chequers_serial_rivers_small_a
Lair:3:   layout_gridlike, minmay_shoals_entry_beasts,
          guppyfry_snake_entry_garden, serial_bayou_shore_b, uniq_sonja
Lair:4:   layout_loops_ring, grunt_forest_stairs_clearing, grunt_megastairs_5,
          serial_bayou_shore_a, uniq_snorg
Lair:5:   layout_gridlike, slime_altar_1, serial_rivers,
          chequers_serial_rivers_room_a, chequers_serial_rivers_large_a,
          chequers_serial_rivers_micro_d, chequers_serial_rivers_marsh,
          chequers_serial_rivers_small_3, chequers_serial_rivers_micro_e,
          basic_altar
Lair:6:   due_jungle_book, layout_cellular_growth, minivault_24, uniq_kirke
Shoals:1: layout_shoals, uniq_jorgrun
Shoals:2: layout_shoals, ebering_ghost_disaster_area, serial_shops, shop_statue,
          shop, nicolae_shop_stone, uniq_louise
Shoals:3: layout_shoals, serial_shops, shop
Shoals:4: shoals_end_hangedman, layout_shoals, serial_shops, shop,
          nicolae_shop_temple_entry_statues_fountains, nicolae_shoals_loop_pool
Snake:1:  layout_gridlike, serial_shops, nicolae_shop_waterfront,
          lemuel_fruit_tree, serial_bayou_shore_b
Snake:2:  layout_onion_interference, grunt_ministairs_4
Snake:3:  layout_concentric_octagons, serial_shops,
          nicolae_shop_temple_entry_statues_fountains
Snake:4:  grunt_snake_rune_serpentine_throne, layout_cave_town,
          portal_ice_cave_entry_frozen_things, corexii_hall_statues_s,
          minmay_shoptagon, uniq_vashnia
Orc:1:    nicolae_orc_accident_3, layout_caves, basic_altar
Orc:2:    grunt_orc_community_town_hall, layout_diamond_mine,
          grunt_orc_community_big_house_1, grunt_orc_community_big_house_2,
          grunt_orc_community_house_1, grunt_orc_community_house_3,
          grunt_orc_community_house_3, grunt_orc_community_house_3,
          mines_bat_river
Elf:1:    layout_loops_cross, minmay_elf_annihilation, abandoned_shop,
          minmay_shop_grid_forest
Elf:2:    layout_onion_city
Elf:3:    elf_hall_gauntlet_narrow, layout_geoelf_diagonals, serial_shops,
          shop_scrolls, nicolae_shop_trees, shop, hangedman_elf_simple_split,
          guppyfry_elf_garden
Vaults:1: ebering_vaults_ghost_disaster_area, v_alt_pattern_3,
          nicolae_vaults_network_star, vaults_room_stairs_pillars,
          nicolae_vaults_rhombus_5, hangedman_vaults_trim,
          hangedman_vaults_nails, ontoclasm_vaults_fault,
          nicolae_vaults_yaktaur_gun_rack, v_misc_4, layout_vaults_quadrants
Vaults:2: biasface_vaults_ghost_orc_armoury, vaults_room_door_ring,
          ontoclasm_vaults_loading_screen, v_misc_9, vaults_dpeg_cross,
          vaults_room_pool, v_misc_5, v_misc_8, layout_vaults_big_room,
          serial_shops, shop, uniq_xtahua
Vaults:3: nicolae_vaults_branching_niches, vaults_room_hallway,
          minmay_crypt_entry_simple_corners, v_misc_16, nicolae_vaults_big_ls,
          vaults_room_fancy_cross, v_misc_22, vaults_room_door_ring,
          hangedman_vaults_impose, layout_vaults_ring, serial_shops, shop
Vaults:4: nicolae_vaults_sealed_display, ontoclasm_vaults_idyll,
          nicolae_vaults_little_squares_2, vaults_room_fours,
          nicolae_vaults_rhombus_6, nicolae_vaults_lopsided_apartments,
          nicolae_vaults_little_squares_1, v_misc_23, vaults_room_corners,
          vaults_room_ringed_pool, v_alt_pattern_6, hangedman_vaults_pinch,
          grunt_vaults_diagonal, nicolae_vaults_diagonal_hallway_8,
          nicolae_vaults_little_squares_1, layout_vaults_maze_bifur,
          serial_shops, shop, nicolae_shop_temple_entry_statues_fountains
Vaults:5: serial_shops, uniq_jory
Crypt:1:  statuecave_lemuel, layout_regular_city, tombwall_bobbens,
          grunt_megastairs_1, grunt_crypt_arrival_guarded_gate, uniq_mara
Depths:1: layout_gridlike, grunt_pan_entry_sceptre, grunt_hell_entry_dis_mu,
          serial_shops, shop, shop, shop, shop, shop_fountains,
          dk_noncrumbling_3, hex_medium, statue_in_the_mist_lemuel,
          minmay_misc_feat_rows, st_stairs_4, kennysheep_underground_church
Depths:2: minmay_guarded_unrand_sceptre_of_torment, layout_cave_pools,
          gammafunk_ghost_tricky_traps, pf_vacation_house_of_asmodeus,
          hangedman_decor_riveting, st_stairs_6, corexii_hall_statues_u,
          corexii_leaking_fountain
Depths:3: evilmike_diamond_2, layout_cave_pools, hell_entry,
          grunt_pan_entry_spiral, minmay_misc_feat_room, minmay_staircase_bubble
Depths:4: minmay_the_grid_octo_tiled_squarecenter_mashed
          [minmay_the_grid_octo_fan_narrow, minmay_the_grid_octo_horde,
          minmay_the_grid_octo_clover_2, minmay_the_grid_octo_vomiting_pacman,
          minmay_the_grid_square_5x5_megaprize_crossed,
          minmay_the_grid_square_5x5_hollow_slash,
          minmay_the_grid_square_5x5_fat_x, minmay_the_grid_square_5x5_c,
          minmay_the_grid_square_5x5_minimal], layout_cave_pools,
          enter_ziggurat_e, abyss_entry, minivault_14, hell_entry,
          infiniplex_staircase_x
Depths:5: grunt_x_marks_the_spot, layout_cave_pools,
          minmay_misc_feat_secret_circle, lightli_too_deep
Hell
Zot:1:    lemuel_halls_of_wrath, layout_misc_corridors, grunt_ministairs_10
Zot:2:    layout_cathedral_of_symmetry, nrook_zot_tub
Zot:3:    layout_concentric_octagons, grunt_ministairs_15
Zot:4:    layout_basic
Zot:5:    layout_twisted_circle, st_stairs_10

Skill      XL: |  1  2  3  4  5  6  7  8  9 10 11 12 13 14 15 16 17 18 19 20 21 22 23 24 25 26 27 |
---------------+----------------------------------------------------------------------------------+-----
Dodging        | 1 2 3 4 5 6 7 8 9 10 11 12 13 14 15 16 17 18 | 18.0
Axes           | 3 4 5 6 7 8 10 11 12 13 14 15 16 17 18 19 | 19.0
Fighting       | 3 4 5 6 7 8 9 10 11 12 13 14 15 16 17 18 | 18.7
Armour         | 4 5 6 7 8 9 10 11 12 13 14 15 16 17 18 19 20 21 | 21.3
Shields        | 4 5 6 7 8 9 10 11 12 13 14 15 16 | 16.1
Invocations    | 1 3 5 6 8 9 10 11 12 13 14 15 16 17 18 | 18.1
Evocations     | 1 3 5 6 8 9 10 11 12 13 14 15 16 17 18 | 18.1
Stealth        | 3 6 8 9 11 12 13 14 15 | 15.4
Earth Magic    | 8 9 10 12 14 16 | 16.8
Transmutations | 4 8 11 12 | 12.7
Spellcasting   | 3 5 7 9 10 | 10.9
Fire Magic     | 4 6 8 10 11 | 11.1

Action                   |  1- 3 |  4- 6 |  7- 9 | 10-12 | 13-15 | 16-18 | 19-21 | 22-24 | 25-27 || total
-------------------------+-------+-------+-------+-------+-------+-------+-------+-------+-------++-------
Melee: War axe           |   142 |   167 |   199 |    19 |       |     3 |       |       |       ||   530
       Trident           |       |   143 |       |       |       |       |       |       |       ||   143
       Spear             |       |    29 |   521 |    71 |       |       |       |       |       ||   621
       Broad axe         |       |       |       |   382 |  1018 |  1338 |  1502 |  1222 |   979 ||  6441
       Headbutt          |       |       |       |       |       |       |       |       |    82 ||    82
 Cast: Statue Form       |       |       |       |       |       |       |       |       |     8 ||     8
Invok: Minor Destruction |       |       |     1 |    12 |    19 |    17 |       |       |       ||    49
       Greater Servant o |       |       |       |       |       |     1 |     1 |       |     3 ||     5
       Major Destruction |       |       |       |       |       |       |       |     5 |     3 ||     8
 Abil: Heal Wounds       |       |     2 |       |     4 |       |     5 |     2 |       |    11 ||    24
Evoke: Wand              |       |     1 |    13 |    19 |    17 |    61 |     5 |     5 |     4 ||   125
       Tin of tremorston |       |       |       |       |     2 |     2 |       |     2 |     3 ||     9
       Phial of floods   |       |       |       |       |       |       |       |       |     1 ||     1
  Use: Potion            |       |     3 |     1 |     4 |     8 |     7 |    10 |     5 |     9 ||    47
       Scroll            |       |       |     9 |    16 |    13 |    13 |     7 |     9 |     6 ||    73
 Stab: Paralysed         |       |       |    23 |       |       |       |       |       |       ||    23
       Distracted        |       |       |       |       |     2 |       |     1 |     3 |     3 ||     9
       Sleeping          |       |       |       |       |     8 |    24 |    52 |    31 |    37 ||   152
       Petrified         |       |       |       |       |       |       |     2 |       |       ||     2
       Invisible         |       |       |       |       |       |       |     6 |     1 |       ||     7
  Eat: Chunk             |     1 |     6 |    15 |    16 |    25 |    21 |    33 |    16 |    17 ||   150
       Ration            |       |       |       |     1 |     1 |     1 |       |     3 |     1 ||     7
Armor: Scale mail        |    55 |   134 |       |    92 |    98 |   183 |       |       |       ||   562
       Chain mail        |       |    13 |    27 |       |       |       |       |       |       ||    40
       Plate armour      |       |       |   353 |   236 |       |       |       |       |       ||   589
       Shadow dragon sca |       |       |       |       |   348 |   411 |   496 |   541 |   385 ||  2181
       Skin              |       |       |       |       |       |       |       |       |    32 ||    32
       Robe              |       |       |       |       |       |       |       |       |     6 ||     6
Dodge: Dodged            |    36 |   133 |   155 |   205 |   373 |   633 |   464 |   568 |   417 ||  2984
Block: Kite shield       |    74 |   164 |   347 |   293 |   637 |   907 |   714 |   823 |   580 ||  4539

Table legend:
 A = Non-vault XP
 B = Vault XP
 C = Vault XP percentage of total XP
 D = Non-vault monster count
 E = Vault monster count
 F = Vault count percentage of total count
                 A         B        C        D         E       F
            +---------+---------+-------+---------+---------+-------
      Total |  804986 |  804620 |  50.0 |    1487 |     874 |  37.0
            +---------+---------+-------+---------+---------+-------
        D:1 |      58 |       9 |  13.4 |      26 |       6 |  18.8
        D:2 |      50 |      23 |  31.5 |      23 |       9 |  28.1
        D:3 |     349 |      36 |   9.4 |      37 |       1 |   2.6
        D:4 |     275 |      46 |  14.3 |      27 |       2 |   6.9
        D:5 |     620 |     179 |  22.4 |      26 |       2 |   7.1
        D:6 |     554 |       0 |   0.0 |      17 |       0 |   0.0
        D:7 |     817 |     978 |  54.5 |      21 |       4 |  16.0
        D:8 |    1515 |     129 |   7.8 |      19 |       1 |   5.0
        D:9 |    2137 |       0 |   0.0 |      27 |       0 |   0.0
       D:10 |    1908 |      11 |   0.6 |      23 |       1 |   4.2
       D:11 |    4737 |    1582 |  25.0 |      23 |       8 |  25.8
       D:12 |    3926 |    2672 |  40.5 |      14 |      15 |  51.7
       D:13 |    6466 |   13939 |  68.3 |      36 |      12 |  25.0
       D:14 |    5413 |    6273 |  53.7 |      26 |      12 |  31.6
       D:15 |   11699 |    1964 |  14.4 |      29 |       1 |   3.3
     Lair:1 |    4761 |       0 |   0.0 |      15 |       0 |   0.0
     Lair:2 |    2924 |       0 |   0.0 |      19 |       0 |   0.0
     Lair:3 |    6432 |    1773 |  21.6 |      34 |       4 |  10.5
     Lair:4 |    9095 |    2681 |  22.8 |      25 |       9 |  26.5
     Lair:5 |    4028 |       0 |   0.0 |      14 |       0 |   0.0
     Lair:6 |   14232 |    6320 |  30.8 |      33 |      13 |  28.3
   Shoals:1 |   11782 |    2950 |  20.0 |      31 |       1 |   3.1
   Shoals:2 |   23424 |    3738 |  13.8 |      44 |       2 |   4.3
   Shoals:3 |   14053 |       0 |   0.0 |      32 |       0 |   0.0
   Shoals:4 |   21613 |   23736 |  52.3 |      46 |      37 |  44.6
    Snake:1 |   12517 |       0 |   0.0 |      24 |       0 |   0.0
    Snake:2 |    7682 |    3325 |  30.2 |      16 |       6 |  27.3
    Snake:3 |   15445 |       0 |   0.0 |      30 |       0 |   0.0
    Snake:4 |   27916 |   59060 |  67.9 |      59 |      72 |  55.0
      Orc:1 |    3987 |    2746 |  40.8 |      39 |      10 |  20.4
      Orc:2 |    2091 |    5632 |  72.9 |      30 |      70 |  70.0
      Elf:1 |   20294 |    4165 |  17.0 |      31 |       6 |  16.2
      Elf:2 |   14574 |   22237 |  60.4 |      24 |      30 |  55.6
      Elf:3 |   15737 |   34990 |  69.0 |      29 |      28 |  49.1
   Vaults:1 |   24793 |   12819 |  34.1 |      41 |      26 |  38.8
   Vaults:2 |   12226 |   23196 |  65.5 |      20 |      26 |  56.5
   Vaults:3 |   25861 |   21979 |  45.9 |      42 |      24 |  36.4
   Vaults:4 |   14083 |   11989 |  46.0 |      16 |      14 |  46.7
   Vaults:5 |   10795 |  138144 |  92.8 |      10 |      97 |  90.7
    Crypt:1 |   11104 |    6027 |  35.2 |      35 |       7 |  16.7
   Depths:1 |   29069 |    5932 |  16.9 |      35 |      10 |  22.2
   Depths:2 |   29888 |   36953 |  55.3 |      37 |      20 |  35.1
   Depths:3 |   23490 |   34024 |  59.2 |      32 |      39 |  54.9
   Depths:4 |   17790 |   40892 |  69.7 |      26 |      29 |  52.7
   Depths:5 |   29898 |   26973 |  47.4 |      34 |      19 |  35.8
       Hell |   34689 |   43985 |  55.9 |      54 |      59 |  52.2
      Zot:1 |   44772 |   48994 |  52.3 |      20 |      53 |  72.6
      Zot:2 |   71049 |       0 |   0.0 |      39 |       0 |   0.0
      Zot:3 |   64381 |    4743 |   6.9 |      31 |       2 |   6.1
      Zot:4 |   38212 |       0 |   0.0 |      22 |       0 |   0.0
      Zot:5 |   41370 |  124514 |  75.1 |      24 |      32 |  57.1
    Abyss:3 |    8405 |    8460 |  50.2 |      20 |      26 |  56.5
      IceCv |       0 |    8850 | 100.0 |       0 |      22 | 100.0
   Gauntlet |       0 |    4952 | 100.0 |       0 |       7 | 100.0
            +---------+---------+-------+---------+---------+-------
